 Dungeon Crawl Stone Soup version 0.26.0-10-g1f06aea511 (webtiles) character file.

Game seed: 4257721508785186591

8610 MajorAdolf the Cleaver (level 11, -5/94 HPs)
             Began as a Naga Wanderer on Jan 17, 2021.
             Was an Initiate of Gozag.
             Slain by a boulder beetle (20 damage)
             ... on level 12 of the Dungeon.
             The game lasted 00:33:43 (16581 turns).

MajorAdolf the Cleaver (Naga Wanderer)             Turns: 16581, Time: 00:33:43

Health: -5/94      AC: 13    Str: 22    XL:     11   Next: 33%
Magic:  8/11       EV: 11    Int: 16    God:    Gozag
Gold:   490        SH:  0    Dex: 10    Spells: 10/10 levels left

rFire    . . .     SeeInvis +   I - +12 great mace of Ziris {venom, rPois rC- rN+ Str+3}
rCold    x . .     Faith    .   (shield currently unavailable)
rNeg     + . .     Spirit   .   e - +3 ring mail
rPois    +         Reflect  .   v - +0 helmet
rElec    .         Harm     .   (no cloak)
rCorr    .         Rampage  .   x - +0 pair of gloves
Will     +....                  (no barding)
Stlth    ..........             K - amulet of the acrobat
HPRegen  0.25/turn              n - ring of wizardry
MPRegen  0.12/turn              z - ring of attention

@: very slow
A: large, see invisible, clever 1, deformed body, poison resistance, slowness 2,
spit poison 1, strong 1, MP-powered wands, AC +3
a: Spit Poison, Renounce Religion, Potion Petition, Call Merchant, Bribe Branch


You were on level 12 of the Dungeon.
You worshipped Gozag.
Gozag was aware of your devotion.
You visited 2 branches of the dungeon, and saw 12 of its levels.

You collected 897 gold pieces.
You spent 236 gold pieces at shops.
You paid 171 gold pieces to Gozag.

Inventory:

Hand Weapons
 a - a +2 shortbow
 d - a +0 hand axe
 s - a +2 scythe of protection
 E - a +3 flail of holy wrath
 H - a +2 dagger of venom
 I - the +12 great mace of Ziris (weapon) {venom, rPois rC- rN+ Str+3}
   (You found it on level 7 of the Dungeon)

   It poisons the flesh of those it strikes.
   It affects your strength (+3).
   It makes you vulnerable to cold.
   It protects you from poison.
   It protects you from negative energy.
 J - a +2 whip of electrocution
Missiles
 b - 160 arrows
 w - 46 poisoned darts (quivered)
Armour
 e - a +3 ring mail (worn)
 v - a +0 helmet (worn)
 x - a +0 pair of gloves (worn)
Magical Staves
 S - an uncursed staff of cold
Jewellery
 n - a ring of wizardry (left hand)
 t - an uncursed amulet of reflection
 z - a ring of attention (right hand)
 K - an amulet of the acrobat (around neck)
Wands
 D - a wand of acid (6)
 G - a wand of paralysis (6)
 P - a wand of polymorph (13)
 Q - a wand of random effects (15)
Scrolls
 c - 2 scrolls of blinking {unknown}
 f - 3 scrolls of fear {unknown}
 g - 3 scrolls of magic mapping
 k - 6 scrolls of teleportation
 m - 4 scrolls of enchant armour
 o - 3 scrolls of fog
 p - 3 scrolls of immolation {unknown}
 q - 3 scrolls of amnesia {unknown}
 u - 4 scrolls of enchant weapon {unknown}
 y - 2 scrolls of silence {unknown}
 A - 8 scrolls of remove curse
 L - a scroll of random uselessness {unknown}
 M - 3 scrolls of identify
 O - a scroll of noise {unknown}
Potions
 h - 3 potions of curing
 i - 3 potions of heal wounds
 j - a potion of brilliance
 l - 2 potions of resistance
 r - a potion of magic
 B - 2 potions of cancellation
 C - 2 potions of might
 F - 2 potions of berserk rage
 N - 2 potions of flight
Miscellaneous
 R - a box of beasts


   Skills:
 - Level 5.0 Fighting
 - Level 10.0 Axes
 - Level 1.0 Bows
 - Level 1.0 Throwing
 - Level 8.0 Armour
 - Level 6.0 Dodging
 - Level 1.5 Stealth
 + Level 7.7 Evocations


You had 10 spell levels left.
You didn't know any spells.
Your spell library contained the following spells:

 Spells                   Type           Power        Failure   Level
 Animate Skeleton         Necr           0%           16%         1
 Apportation              Tloc           0%           16%         1
 Corona                   Hex            0%           16%         1
 Summon Small Mammal      Summ           0%           16%         1
 Ensorcelled Hibernation  Hex/Ice        0%           22%         2
 Poisonous Vapours        Pois/Air       0%           22%         2
 Confusing Touch          Hex            0%           41%         3
 Conjure Flame            Conj/Fire      0%           41%         3
 Dazzling Flash           Conj/Hex       0%           41%         3
 Mephitic Cloud           Conj/Pois/Air  0%           41%         3
 Tukima's Dance           Hex            0%           41%         3
 Freezing Cloud           Conj/Ice/Air   0%           100%        6


Dungeon Overview and Level Annotations

Branches:
Dungeon (10/15)            Temple (1/1) D:5            Lair (0/6) D:8
    Orc: D:9-12

Altars:
Ashenzari
Cheibriados
Dithmenos
Elyvilon
Fedhas
Gozag
Hepliaklqana
Kikubaaqudgha
Makhleb
Nemelex Xobeh
Okawaru
Qazlal
Ru
Sif Muna
Trog
Uskayaw
Vehumet
Wu Jian
Xom
Yredelemnul
Zin
The Shining One

Shops:
D:6 *

Annotations:
D:2 exclusion: downstairs
D:3 exclusion: 2 downstairs
D:6 3 runed translucent doors, kthxbai's ghost, novice DECj
D:8 exclusion: 2 downstairs


Innate Abilities, Weirdness & Mutations

You cannot wear boots.
Your serpentine skin is tough. (AC +3)
You have supernaturally acute eyesight. (SInv)
Armour fits poorly on your strangely shaped body.
Your system is resistant to poisons. (rPois)
You cover ground very slowly.
You can spit poison.
Your mind is acute. (Int +2)
Your muscles are strong. (Str +2)
You expend magic power (3 MP) to strengthen your wands.


Message History

You bludgeon the boulder beetle!!
The boulder beetle is moderately wounded.
The boulder beetle bites you!! The boulder beetle bites you.
You barely miss the boulder beetle.
The boulder beetle is heavily wounded.
The boulder beetle bites you!!
* * * LOW HITPOINT WARNING * * *
Unknown command.
Evoke which item? (* to show all) (? for menu, Esc to quit)
Aiming: Corrosive Bolt
Press: ? - help, Shift-Dir - straight line, f - boulder beetle
Aim: a boulder beetle (heavily wounded, very poisoned, 0% to evade)
You feel a surge of power!
The bolt of acid hits the boulder beetle!
The boulder beetle is splashed with acid.
The acid corrodes the boulder beetle!
The boulder beetle is severely wounded.
The boulder beetle bites you!!
You die...
Your body crumbles into a pile of gold.

**,* *.# *,,* ######.###
*###.###* #........#
*.......* ###........#
*.......* ##..........#
*.......* ##..#........#
*.......*##..##........#
*.......##..###........###
*......○#@.## #........#..
*.......B.## #..........#
*.......### #........###
*#######* #........#
#........# ##########


You could see a boulder beetle (very poisoned, corroded).

Vanquished Creatures
  An unseen horror (D:9)
  Pikel (D:7)
  An ugly thing (D:9)
  2 gargoyles (D:10)
  A hornet (D:8)
  Sigmund (D:4)
  10 yaks
  A chaos spawn (D:8)
  Edmund (D:5)
  An acid dragon (D:12)
  A water moccasin (D:7)
  An orc warrior (D:10)
  2 sky beasts
  An ice beast (D:7)
  A black bear (D:10)
  2 necrophages
  9 ogres
  2 phantoms (D:9)
  A lemure (D:7)
  5 centaurs
  3 bullfrogs
  2 scorpions
  3 howler monkeys (D:9)
  A centaur zombie (D:7)
  A jelly (D:7)
  7 hounds
  6 orc priests
  4 bullfrog skeletons
  4 centaur skeletons
  6 orc wizards
  4 iguanas
  12 worker ants
  A worker ant zombie (D:5)
  Robin (D:3)
  8 gnolls
  6 adders
  2 white imps (D:7)
  An ooze (D:1)
  An adder skeleton (D:8)
  An adder zombie (D:5)
  3 worms
  2 dart slugs
  A leopard gecko (D:2)
  28 orcs
  4 giant cockroaches
  13 goblins
  14 hobgoblins
  14 jackals
  8 quokkas
  A ball python (D:2)
  A ball python zombie (D:5)
  9 bats
  8 frilled lizards
  A jackal zombie (D:5)
  4 kobolds
  2 quokka zombies (D:6)
  4 rats
  A spectral orc (D:3)
237 creatures vanquished.

Notes
Turn   | Place    | Note
-------+----------+-------------------------------------------
     0 | D:1      | MajorAdolf the Naga Wanderer began the quest for the Orb.
     0 | D:1      | MajorAdolf set off with the following items: a +2 shortbow,
                  | 28 arrows, a +0 ring mail, a +0 hand axe
     0 | D:1      | Reached XP level 1. HP: 25/25 MP: 1/1
   597 | D:2      | Reached XP level 2. HP: 21/32 MP: 2/2
  1058 | D:1      | Reached XP level 3. HP: 16/39 MP: 3/3
  1061 | D:1      | Reached skill level 1 in Dodging
  1502 | D:2      | Reached skill level 2 in Axes
  1993 | D:3      | Found a blossoming altar of Fedhas.
  2284 | D:2      | Reached XP level 4. HP: 44/46 MP: 4/4
  3626 | D:3      | Gained mutation: You are somewhat resistant to further
                  | mutation. [potion of mutation]
  3626 | D:3      | Gained mutation: You are clumsy. (Dex -2) [potion of
                  | mutation]
  3626 | D:3      | Gained mutation: You are weak. (Str -2) [potion of
                  | mutation]
  3627 | D:3      | Lost mutation: You are clumsy. (Dex -2) [potion of
                  | mutation]
  3627 | D:3      | Lost mutation: You are weak. (Str -2) [potion of mutation]
  3627 | D:3      | Lost mutation: You are somewhat resistant to further
                  | mutation. [potion of mutation]
  3627 | D:3      | Gained mutation: Your muscles are strong. (Str +2) [potion
                  | of mutation]
  3627 | D:3      | Gained mutation: Your mind is acute. (Int +2) [potion of
                  | mutation]
  3627 | D:3      | Gained mutation: You expend magic power (3 MP) to
                  | strengthen your wands. [potion of mutation]
  3730 | D:3      | Found a stormy altar of Qazlal.
  3803 | D:3      | Found a basalt altar of Yredelemnul.
  4089 | D:3      | Reached skill level 3 in Axes
  4189 | D:4      | Reached XP level 5. HP: 52/52 MP: 5/5
  4309 | D:4      | Noticed an ogre
  4314 | D:4      | Noticed Robin
  4500 | D:4      | Noticed Sigmund
  4972 | D:4      | Reached skill level 4 in Axes
  4972 | D:4      | Reached XP level 6. HP: 51/61 MP: 6/6
  5322 | D:3      | Killed Robin
  5541 | D:3      | HP: 4/91 [ogre/+0 giant club (15)]
  5544 | D:3      | Reached XP level 7. HP: 5/67 MP: 7/7
  6012 | D:4      | Reached skill level 5 in Axes
  6363 | D:5      | Entered Level 5 of the Dungeon
  6708 | D:4      | Killed Sigmund
  7117 | D:4      | Found a burning altar of Makhleb.
  7309 | D:5      | Reached skill level 6 in Axes
  7347 | D:5      | Reached XP level 8. HP: 66/74 MP: 8/8
  7600 | D:5      | Found a glowing golden altar of the Shining One.
  7823 | D:5      | Found a staircase to the Ecumenical Temple.
  7838 | Temple   | Entered the Ecumenical Temple
  8319 | D:5      | Noticed Edmund
  8336 | D:5      | Killed Edmund
  8587 | D:5      | Reached skill level 7 in Axes
  9408 | D:6      | Found Jimil's Assorted Antiques.
  9464 | D:6      | Reached XP level 9. HP: 20/81 MP: 5/9
  9802 | D:6      | Reached skill level 8 in Axes
 10044 | D:6      | Found a white marble altar of Elyvilon.
 10109 | D:6      | Found a runed translucent gate.
 10109 | D:6      | Found a runed translucent gate.
 10109 | D:6      | Found a runed translucent gate.
 10109 | D:6      | Noticed kthxbai's ghost (novice DECj)
 10126 | D:6      | Found a radiant altar of Vehumet.
 10577 | D:6      | Noticed a +0 dagger
 10577 | D:6      | Noticed a +0 dagger
 10578 | D:6      | Found a hide-covered altar of Uskayaw.
 11056 | D:7      | Found a hazy altar of Hepliaklqana.
 11096 | D:7      | Reached skill level 5 in Armour
 11296 | D:7      | Got an encrusted great mace
 11516 | D:7      | Identified the +12 great mace of Ziris {venom, rPois rC-
                  | rN+ Str+3} (You found it on level 7 of the Dungeon)
 11541 | D:7      | Noticed Pikel
 11552 | D:7      | Killed Pikel
 11553 | D:7      | Reached skill level 9 in Axes
 11553 | D:7      | Reached skill level 5 in Dodging
 12265 | D:8      | Reached XP level 10. HP: 74/88 MP: 10/10
 12340 | D:8      | Reached skill level 10 in Axes
 12442 | D:8      | Found an ancient bone altar of Kikubaaqudgha.
 12443 | D:8      | Found a bloodstained altar of Trog.
 12444 | D:8      | Found a snail-covered altar of Cheibriados.
 12641 | D:8      | Found a staircase to the Lair.
 13064 | D:8      | Found an ornate altar of the Wu Jian Council.
 13258 | D:9      | Found an opulent altar of Gozag.
 13269 | D:9      | Became a worshipper of Gozag Ym Sagoz the Greedy
 13398 | D:6      | Bought a shiny silver wand for 88 gold pieces
 13398 | D:6      | Bought a tapered gold wand for 88 gold pieces
 13398 | D:6      | Bought a scroll labelled PEAKHI VYTHA for 22 gold pieces
 13398 | D:6      | Bought a purple potion for 19 gold pieces
 13398 | D:6      | Bought a ruby potion for 19 gold pieces
 13897 | D:9      | Noticed a purple ugly thing
 13906 | D:9      | Killed a white ugly thing
 14733 | D:9      | Found a burning altar of Makhleb.
 14948 | D:9      | Noticed an unseen horror
 14954 | D:9      | Killed an unseen horror
 14955 | D:9      | Reached skill level 5 in Evocations
 14955 | D:9      | Reached XP level 11. HP: 87/94 MP: 11/11
 15009 | D:9      | Found a shimmering altar of Xom.
 15010 | D:9      | Found the +7 mace of Variability {chain chaos}
 15456 | D:10     | Entered Level 10 of the Dungeon
 16391 | D:10     | You fall into a shaft and drop 2 floors!
 16391 | D:12     | Noticed a six-headed hydra
 16392 | D:12     | Noticed a boulder beetle
 16574 | D:12     | Noticed a boulder beetle
 16581 | D:12     | Slain by a boulder beetle

Illustrated notes

Levels and vault maps discovered:
D:1:      onia_arrival_mini_maze, layout_rooms
D:2:      layout_loops_ring, grunt_decor_mini_mirrors
D:3:      layout_rooms, old_standard_altar, lemuel_doored_altar,
          yredelemnul_forgotten_temple_becter, kennysheep_generic_room_15
D:4:      layout_cave_pools, lightli_temple_of_fire, uniq_sigmund, uniq_robin
D:5:      layout_basic, old_standard_altar, minmay_temple_entry_water_ring,
          uniq_edmund
D:6:      layout_gridville, overflow_temple_1_default, dancing_weapons_uskayaw,
          serial_shops, shop_fountains, ebering_ghost_rock_garden,
          elyvilon_altar_3
D:7:      layout_gridville, nzn_hepliaklqana_mist_gate, st_stairs_8,
          small_statue_intersection, uniq_pikel
D:8:      layout_basic, pdpol_wu_jian_five_deadly_venoms,
          grunt_temple_overflow_open, lair_entry_dummy
D:9:      layout_roguey, grunt_gozag_breadcrumbs, basic_altar,
          minmay_guarded_unrand_variability
D:10:     layout_roguey [special_room_orc], uniq_snorg
D:12:     layout_roguey, drop_trap
Temple:   kb_temple_of_zot

Skill      XL: |  1  2  3  4  5  6  7  8  9 10 11 |
---------------+----------------------------------+-----
Dodging        | 1 2 3 4 5 6 |  6.0
Axes           | 2 3 4 6 7 9 10 | 10.0
Armour         | 2 3 4 5 8 |  8.0
Evocations     | 5 7 |  7.7
Fighting       | |  5.0
Bows           | |  1.0
Throwing       | |  1.0
Stealth        | |  1.5

Action                   |  1- 3 |  4- 6 |  7- 9 | 10-12 || total
-------------------------+-------+-------+-------+-------++-------
Melee: Hand axe          |       |    19 |    30 |       ||    49
       Scythe            |       |       |   200 |       ||   200
       Great mace        |       |       |    37 |   139 ||   176
 Fire: Shortbow          |    45 |   105 |     7 |       ||   157
Throw: Dart              |       |       |     1 |     1 ||     2
 Abil: Spit Poison       |    40 |    36 |    35 |     5 ||   116
Evoke: Wand              |       |       |     3 |     4 ||     7
  Use: Scroll            |       |     8 |     6 |     6 ||    20
       Potion            |       |     3 |     1 |       ||     4
 Stab: Paralysed         |       |       |       |     2 ||     2
Armor: Ring mail         |    51 |    47 |   199 |    58 ||   355
       Skin              |       |       |    35 |       ||    35
Dodge: Dodged            |    61 |    72 |   234 |    97 ||   464
